 Dungeon Crawl Stone Soup version 0.27.0-1-g7a089689b8 (webtiles) character file.

Game seed: 11907917447536344231

1210 kobby the Covert (level 8, -3/67 HPs)
             Began as a Gnoll Delver on Aug 10, 2021.
             Killed from afar by a steam dragon (19 damage)
             ... with a ball of steam
             ... on level 5 of the Dungeon.
             The game lasted 00:16:44 (5637 turns).

kobby the Covert (Gnoll Delver)                     Turns: 5637, Time: 00:16:49

Health: -3/67      AC:  5    Str: 13 (14) XL:     8   Next: 45%
Magic:  12/12      EV: 14    Int:  8 (9)  God:
Gold:   242        SH:  0    Dex: 17 (18) Spells: 13/13 levels left

rFire    . . .     SeeInvis .   a - +1 hand axe
rCold    . . .     Faith    .   (no shield)
rNeg     . . .     Spirit   .   t - +1 leather armour "Vib Gesch" {Drain Dex+4 Slay+5}
rPois    .         Reflect  .   (no helmet)
rElec    .         Harm     .   (no cloak)
rCorr    .         Rampage  .   n - +0 pair of gloves
Will     .....                  (no boots)
Stlth    ++++......             (no amulet)
HPRegen  0.21/turn              (no ring)
MPRegen  0.13/turn              (no ring)

@: no status effects
A: fangs 1, strong nose, distributed training
a: no special abilities


You were on level 5 of the Dungeon.
You visited 1 branch of the dungeon, and saw 6 of its levels.

You collected 242 gold pieces.

Inventory:

Hand Weapons
 a - a +1 hand axe (weapon)
 e - the +3 dagger of the Blessed Realm {holy, Fly rN+ Will+ Str-3 Stlth+}
   (You found it on level 6 of the Dungeon)

   It has been blessed by the Shining One to cause great damage to the undead
   and demons.
   Str:       It affects your strength (-3).
   rN:        It protects you from negative energy.
   Fly:       It grants you flight.
   Will:      It increases your willpower.
   Stlth:     It makes you more stealthy.
Armour
 b - a +0 leather armour
 n - a +0 pair of gloves (worn)
 q - a +0 chain mail
 t - the +1 leather armour "Vib Gesch" (worn) {Drain Dex+4 Slay+5}
   (You found it on level 4 of the Dungeon)

   Dex:       It affects your dexterity (+4).
   Slay:      It affects your accuracy & damage with ranged weapons and melee
   (+5).
   Drain:     It drains your maximum health when unequipped.
Wands
 g - a wand of digging (3)
 k - a wand of iceblast (3)
 v - a wand of charming (5)
Scrolls
 c - 2 scrolls of fog
 d - a scroll of enchant weapon
 l - 3 scrolls of identify
 m - a scroll of teleportation
 o - 3 scrolls of noise
 s - a scroll of magic mapping
Potions
 j - a potion of flight
 p - a potion of lignification


   Skills:
 + Level 7.4 Fighting
 + Level 3.3 Short Blades
 + Level 3.3 Long Blades
 + Level 5.7 Axes
 + Level 3.3 Maces & Flails
 + Level 3.3 Polearms
 + Level 3.3 Staves
 + Level 3.3 Slings
 + Level 3.3 Bows
 + Level 3.3 Crossbows
 + Level 3.3 Throwing
 + Level 3.3 Armour
 + Level 5.7 Dodging
 + Level 10.1 Stealth
 + Level 3.3 Shields
 + Level 3.3 Unarmed Combat
 + Level 3.3 Spellcasting
 + Level 2.6 Conjurations
 + Level 2.6 Hexes
 + Level 2.6 Summonings
 + Level 2.6 Necromancy
 + Level 2.6 Translocations
 + Level 2.6 Transmutations
 + Level 2.6 Fire Magic
 + Level 2.6 Ice Magic
 + Level 2.6 Air Magic
 + Level 2.6 Earth Magic
 + Level 2.6 Poison Magic
 + Level 3.6 Invocations
 + Level 3.3 Evocations


You had 13 spell levels left.
You didn't know any spells.
Your spell library contained the following spells:

 Spells                   Type           Power      Damage    Failure   Level
 Beastly Appendage        Tmut           10%        N/A       13%         1
 Foxfire                  Conj/Fire      20%        2x1d5     13%         1
 Shock                    Conj/Air       20%        1d4       13%         1
 Wereblood                Tmut           5%         N/A       21%         2
 Conjure Flame            Conj/Fire      5%         6-21      36%         3
 Inner Flame              Hex/Fire       5%         N/A       36%         3
 Spider Form              Tmut/Pois      2%         N/A       36%         3
 Swiftness                Air            5%         N/A       36%         3
 Airstrike                Air            2%         N/A       78%         4


Dungeon Overview and Level Annotations

Branches:
Dungeon (6/15)
 Temple: D:4-7

Altars:
Fedhas


Innate Abilities, Weirdness & Mutations

You have very sharp teeth.
Your uncanny sense of smell can sniff out nearby items.
Your experience applies equally to all skills.


Message History

As you read the scroll labelled OSERUTY RESTREI, it crumbles to dust.
It is a scroll of amnesia.
You feel forgetful for a moment.
Cornered, the gnoll turns to fight!
Okay, then.
You see here 23 stones.
You see here the +3 dagger of the Blessed Realm {holy, Fly rN+ Will+ Str-3 Stlth+}.
e - the +3 dagger of the Blessed Realm {holy, Fly rN+ Will+ Str-3 Stlth+} The gnoll misses you.
There is a stone staircase leading up here.
The gnoll closely misses you.
You climb upwards.
There is a stone staircase leading down, spattered with blood here.
You start resting.
Your extra speed is starting to run out.
You start resting.
You feel yourself slow down.
You start resting.
A steam dragon is nearby!
The steam dragon hisses angrily.
Aiming: Iceblast
Press: ? - help, Shift-Dir - straight line, f - steam dragon
Aim: a steam dragon The mass of ice explodes!
The iceblast engulfs the steam dragon.
The steam dragon is lightly wounded.
The steam dragon breathes steam at you. The ball of steam hits you!
* * * LOW HITPOINT WARNING * * *
Aiming: Iceblast
Press: ? - help, Shift-Dir - straight line, f/p - steam dragon
Aim: a steam dragon (lightly wounded)
The mass of ice explodes!
The iceblast engulfs the steam dragon!
The steam dragon is severely wounded.
Aiming: Iceblast
Press: ? - help, Shift-Dir - straight line, f/p - steam dragon
Aim: a steam dragon (severely wounded)
The mass of ice explodes!
The iceblast engulfs the steam dragon.
The steam dragon is severely wounded.
The steam dragon breathes steam at you. The ball of steam hits you!!
You die...

#.........#.....#........'.....
#.........#.....#........#.....
#......)..#.....#........#.....
#.........#######........#...##
########..........D......######
#.................#...#.
#........§§.......#...#.
#.......§.........#...#.
#......@§.[.......#...#.
#......§.)........'...#.
#.................######
####.............##..###
#.............#...#..
#.............'...'..
#.............#...#..
###########.............#######
#.....>............#####.......


There were no monsters in sight!

Vanquished Creatures
  An orc warrior (D:5)
  A black bear (D:5)
  A sky beast (D:6)
  A necrophage (D:5)
  2 ogres
  A bullfrog (D:5)
  A scorpion (D:4)
  A water moccasin zombie (D:6)
  A water moccasin skeleton (D:5)
  2 hounds (D:5)
  Crazy Yiuf (D:2)
  A gnoll shaman (D:6)
  Jessica (D:2)
  4 iguanas (D:5)
  A hound zombie (D:5)
  A howler monkey zombie (D:5)
  Robin (D:4)
  A gnoll (D:6)
  7 adders
  A shadow imp (D:5)
  A white imp (D:3)
  An ufetubus (D:4)
  2 worms
  2 dart slugs
  5 orcs
  6 ball pythons
  7 bats
  3 endoplasms
  9 goblins
  10 hobgoblins
  10 jackals
  5 kobolds
  3 quokkas
  6 rats
101 creatures vanquished.

Vanquished Creatures (collateral kills)
  A hound (D:6)
1 creature vanquished.

Vanquished Creatures (others)
  2 fungi (D:2)
2 creatures vanquished.

Grand Total: 104 creatures vanquished

Notes
Turn   | Place    | Note
-------+----------+-------------------------------------------
     0 | D:5      | Reached skill level 9 in Stealth
     0 | D:5      | kobby the Gnoll Delver began the quest for the Orb.
     0 | D:5      | Reached XP level 1. HP: 23/23 MP: 1/1
   101 | D:4      | Noticed a scorpion
   338 | D:3      | Reached XP level 2. HP: 27/29 MP: 2/2
   345 | D:3      | Noticed an ogre
   673 | D:1      | Reached XP level 3. HP: 35/35 MP: 3/3
   940 | D:2      | You fall into a shaft and drop 1 floor!
  1075 | D:3      | Killed an ogre
  1076 | D:3      | Reached skill level 1 in Short Blades
  1076 | D:3      | Reached skill level 1 in Long Blades
  1076 | D:3      | Reached skill level 1 in Maces & Flails
  1076 | D:3      | Reached skill level 1 in Polearms
  1076 | D:3      | Reached skill level 1 in Staves
  1076 | D:3      | Reached skill level 1 in Slings
  1076 | D:3      | Reached skill level 1 in Bows
  1076 | D:3      | Reached skill level 1 in Crossbows
  1076 | D:3      | Reached skill level 1 in Throwing
  1076 | D:3      | Reached skill level 1 in Armour
  1076 | D:3      | Reached skill level 1 in Shields
  1076 | D:3      | Reached skill level 1 in Unarmed Combat
  1076 | D:3      | Reached skill level 1 in Spellcasting
  1076 | D:3      | Reached skill level 1 in Conjurations
  1076 | D:3      | Reached skill level 1 in Hexes
  1076 | D:3      | Reached skill level 1 in Summonings
  1076 | D:3      | Reached skill level 1 in Necromancy
  1076 | D:3      | Reached skill level 1 in Translocations
  1076 | D:3      | Reached skill level 1 in Transmutations
  1076 | D:3      | Reached skill level 1 in Fire Magic
  1076 | D:3      | Reached skill level 1 in Ice Magic
  1076 | D:3      | Reached skill level 1 in Air Magic
  1076 | D:3      | Reached skill level 1 in Earth Magic
  1076 | D:3      | Reached skill level 1 in Poison Magic
  1076 | D:3      | Reached skill level 1 in Invocations
  1076 | D:3      | Reached skill level 1 in Evocations
  1076 | D:3      | Reached XP level 4. HP: 41/41 MP: 5/5
  1076 | D:3      | Reached XP level 5. HP: 47/47 MP: 6/6
  1308 | D:2      | Noticed Jessica
  1311 | D:2      | Killed Jessica
  1836 | D:2      | Found a faded altar of an unknown god.
  2066 | D:2      | Found a runed translucent door.
  2067 | D:2      | Noticed Crazy Yiuf
  2078 | D:2      | Killed Crazy Yiuf
  2347 | D:3      | Found a blossoming altar of Fedhas.
  2543 | D:3      | Reached XP level 6. HP: 45/53 MP: 8/8
  3063 | D:4      | Identified the +1 leather armour "Vib Gesch" {Drain Dex+4
                  | Slay+5}
  3228 | D:4      | Noticed Robin
  3239 | D:4      | Killed Robin
  3483 | D:4      | Reached skill level 5 in Axes
  3483 | D:4      | Reached skill level 5 in Dodging
  3924 | D:5      | Noticed a necrophage
  3935 | D:5      | Killed a necrophage
  3936 | D:5      | Reached XP level 7. HP: 54/60 MP: 10/10
  4508 | D:5      | Reached skill level 10 in Stealth
  4773 | D:5      | Reached XP level 8. HP: 54/67 MP: 12/12
  5123 | D:5      | HP: 1/67 [orc warrior (10)]
  5584 | D:6      | Identified the +3 dagger of the Blessed Realm {holy, Fly
                  | rN+ Will+ Str-3 Stlth+}
  5637 | D:5      | Killed from afar by a steam dragon

Illustrated notes

Levels and vault maps discovered:
D:1:      minmay_arrival_checkered_box, layout_rooms, st_stairs_2
D:2:      layout_rooms, shapermc_ecumenical_altar_notcrosses,
          minmay_diced_spiral, uniq_crazy_yiuf_cottage, uniq_jessica
D:3:      layout_basic, lemuel_coloured_pillars_altar,
          minmay_misc_feat_diagonals
D:4:      layout_basic, uniq_robin
D:5:      layout_gridville, portal_sewer_entry_d, nicolae_sextant
D:6:      layout_rooms, grunt_temple_overflow_open

Skill      XL: |  1  2  3  4  5  6  7  8 |
---------------+-------------------------+-----
Stealth        | 10 | 10.1
Short Blades   | 1 2 3 |  3.3
Long Blades    | 1 2 3 |  3.3
Maces & Flails | 1 2 3 |  3.3
Polearms       | 1 2 3 |  3.3
Staves         | 1 2 3 |  3.3
Slings         | 1 2 3 |  3.3
Bows           | 1 2 3 |  3.3
Crossbows      | 1 2 3 |  3.3
Throwing       | 1 2 3 |  3.3
Armour         | 1 2 3 |  3.3
Shields        | 1 2 3 |  3.3
Unarmed Combat | 1 2 3 |  3.3
Spellcasting   | 1 2 3 |  3.3
Conjurations   | 1 2 |  2.6
Hexes          | 1 2 |  2.6
Summonings     | 1 2 |  2.6
Necromancy     | 1 2 |  2.6
Translocations | 1 2 |  2.6
Transmutations | 1 2 |  2.6
Fire Magic     | 1 2 |  2.6
Ice Magic      | 1 2 |  2.6
Air Magic      | 1 2 |  2.6
Earth Magic    | 1 2 |  2.6
Poison Magic   | 1 2 |  2.6
Invocations    | 1 2 3 |  3.6
Evocations     | 1 2 3 |  3.3
Axes           | 5 |  5.7
Dodging        | 5 |  5.7
Fighting       | 7 |  7.4

Action                   |  1- 3 |  4- 6 |  7- 9 || total
-------------------------+-------+-------+-------++-------
Melee: Hand axe          |    51 |   234 |   108 ||   393
       Bite              |     1 |    30 |    12 ||    43
       Punch             |       |     2 |       ||     2
Evoke: Wand              |     3 |       |     9 ||    12
  Use: Scroll            |     1 |     4 |     4 ||     9
       Potion            |     1 |       |     7 ||     8
 Stab: Sleeping          |    10 |    10 |     2 ||    22
       Distracted        |       |       |     1 ||     1
Armor: Leather armour    |    27 |    30 |    16 ||    73
       Chain mail        |       |    53 |       ||    53
Dodge: Dodged            |    69 |   116 |    74 ||   259
